 Dungeon Crawl Stone Soup version 0.27-a0-538-g15ff5c5295 (webtiles) character file.

Game seed: 16369231000541155135

237 night the Ruffian (level 5, -3/50 HPs)
             Began as a Troll Warper on Mar 6, 2021.
             Was an Initiate of Ashenzari.
             Slain by an orc priest
             ... wielding a +0 mace of protection
              (8 damage)
             ... on level 3 of the Dungeon.
             The game lasted 00:04:45 (1452 turns).

night the Ruffian (Troll Warper)                    Turns: 1452, Time: 00:04:45

Health: -3/50      AC:  4    Str: 19    XL:     5   Next: 77%
Magic:  7/7        EV:  9    Int: 10    God:    Ashenzari [......]
Gold:   141        SH:  0    Dex:  9    Spells: 8/8 levels left

rFire    . . .     SeeInvis .     - Unarmed
rCold    . . .     Faith    .   (no shield)
rNeg     . . .     Spirit   .   a - +0 robe "Repose of Ashenzari" {Melee, Range} (curse)
rPois    .         Reflect  .   (helmet restricted)
rElec    .         Harm     .   (no cloak)
rCorr    .         Rampage  .   (gloves unavailable)
Will     .....                  (boots unavailable)
Stlth    +.........             (no amulet)
HPRegen  1.16/turn              (no ring)
MPRegen  0.10/turn              (no ring)

@: no status effects
A: large, unfitting armour, claws 3, regeneration 1, shaggy fur 1, tough skin 1
a: Renounce Religion, Shatter the Chains


You were on level 3 of the Dungeon.
You worshipped Ashenzari.
Ashenzari was noncommittal.
You visited 1 branch of the dungeon, and saw 3 of its levels.

You collected 141 gold pieces.

Inventory:

Hand Weapons
 m - a +0 hunting sling
Missiles
 b - 36 poisoned darts
 d - 5 boomerangs of dispersal (quivered)
 e - 127 stones
 i - 21 sling bullets
Armour
 a - the cursed +0 robe "Repose of Ashenzari" (worn) {Melee, Range}

   It has a curse placed upon it.
Scrolls
 c - 3 scrolls of blinking
 f - a scroll of amnesia
 g - a scroll of identify
 h - a scroll of magic mapping
 k - 3 scrolls of teleportation
Potions
 j - 2 potions of heal wounds
 l - 2 potions of flight
 n - a potion of lignification


   Skills:
 + Level 2.5 Fighting
 - Level 0.8(1.2) Throwing
 - Level 1.9 Dodging
 * Level 4.1(4.7) Unarmed Combat
 + Level 2.0 Spellcasting
 + Level 2.9 Translocations


You had 8 spell levels left.
You didn't know any spells.
Your spell library contained the following spells:

 Spells                   Type           Power      Damage    Failure   Level
 Blink                    Tloc           N/A        N/A       14%         2
 Gell's Gravitas          Tloc           3%         N/A       28%         3
 Lesser Beckoning         Tloc           3%         N/A       28%         3
 Teleport Other           Tloc           6%         N/A       28%         3
 Manifold Assault         Tloc           6%         N/A       67%         4


Dungeon Overview and Level Annotations

Branches:
Dungeon (3/15)

Altars:
Ashenzari


Innate Abilities, Weirdness & Mutations

You are too large for most types of armour.
You have claws for hands.
Your natural rate of healing is unusually fast.
You are covered in fur. (AC +1)
You have tough skin. (AC +1)


Message History

The orc priest hits you but does no damage.
The orc hits you but does no damage.
You scratch the orc priest.
The orc priest is moderately wounded.
The orc priest mumbles some strange prayers to Beogh against you.
Pain shoots through your body!
* * * LOW HITPOINT WARNING * * *
The adder skeleton barely misses you. The orc barely misses you.
You closely miss the orc priest.
The orc priest is moderately wounded.
The orc priest hits you with a +0 dagger.
* * * LOW HITPOINT WARNING * * *
The adder skeleton bites you but does no damage.
The orc hits you with a +0 hand axe.
* * * LOW HITPOINT WARNING * * *
You claw the orc priest!
You kill the orc priest!
The adder skeleton barely misses you. The orc hits you with a +0 hand axe.
* * * LOW HITPOINT WARNING * * *
You see here a +0 dagger.
You claw the orc priest!
The orc priest is almost dead.
The orc priest misses you.
You scratch the orc priest but do no damage.
The orc priest is almost dead.
The orc priest looks braver for a moment.
You scratch the orc priest but do no damage.
The orc priest is almost dead.
The orc priest hits you with a +0 mace of protection.
* * * LOW HITPOINT WARNING * * *
You scratch the orc priest but do no damage.
The orc priest is almost dead.
The orc priest hits you with a +0 mace of protection.
* * * LOW HITPOINT WARNING * * *
You closely miss the orc priest.
The orc priest is almost dead.
You scratch the orc priest but do no damage.
The orc priest is almost dead.
The orc priest hits you with a +0 mace of protection!
You die...

... ... #. .. #.##.###
# ......##.# #.
#.Zo...# ##.#.# #o#
#....## #o# #.....# #@#
#..... #.# #...#
##.########...####.
##...##.......[.†...
##...................
#................)...
#..........####...#####
##......†..# #...#
#.........####...###


You could see an orc priest, 2 orcs and an adder skeleton.

Vanquished Creatures
  An orc priest (D:3)
  Natasha (thrice) (D:2)
  Robin (D:2)
  4 adders (D:2)
  3 gnolls (D:2)
  An ooze (D:2)
  A worm (D:2)
  A dart slug (D:2)
  A leopard gecko (D:1)
  An orc (D:3)
  3 giant cockroaches (D:2)
  3 hobgoblins
  A quokka (D:3)
  2 ball pythons
  7 bats
  2 frilled lizards (D:2)
  13 goblins
  3 kobolds (D:1)
  4 rats
55 creatures vanquished.

Notes
Turn   | Place    | Note
-------+----------+-------------------------------------------
     0 | D:1      | night the Troll Warper began the quest for the Orb.
     0 | D:1      | Reached XP level 1. HP: 19/19 MP: 1/1
   148 | D:1      | Found a broken altar of Ashenzari.
   159 | D:1      | Became a worshipper of Ashenzari the Shackled
   686 | D:1      | Reached XP level 2. HP: 28/28 MP: 3/3
   854 | D:2      | Noticed Natasha
   859 | D:2      | Noticed a crimson imp
   862 | D:2      | Killed Natasha
   863 | D:2      | Reached skill level 2 in Fighting
   863 | D:2      | Reached XP level 3. HP: 17/35 MP: 4/4
   892 | D:2      | Reached skill level 3 in Unarmed Combat
   904 | D:2      | Reached XP level 4. HP: 37/42 MP: 5/5
   976 | D:2      | Noticed Natasha
   986 | D:2      | Killed Natasha
   996 | D:2      | Noticed Robin
  1010 | D:2      | Killed Robin
  1066 | D:2      | Reached XP level 5. HP: 43/50 MP: 6/6
  1290 | D:2      | Noticed Natasha
  1295 | D:2      | Killed Natasha
  1296 | D:2      | Reached skill level 2 in Spellcasting
  1438 | D:3      | Reached skill level 4 in Unarmed Combat
  1443 | D:3      | HP: 6/50 [orc/+0 hand axe (5)]
  1449 | D:3      | HP: 5/50 [orc priest/+0 mace of protection (5)]
  1450 | D:3      | HP: 2/50 [orc priest/+0 mace of protection (4)]
  1452 | D:3      | Slain by an orc priest

Illustrated notes

Levels and vault maps discovered:
D:1:      grunt_arrival_lava_bath, layout_basic, grunt_decor_one_mirror,
          evilmike_ruin_ashenzari
D:2:      layout_rooms, uniq_robin, uniq_natasha
D:3:      layout_loops_cross, gammafunk_temple_overflow_wave, serial_undead,
          serial_undead_d, serial_undead_a, serial_undead_b, serial_undead_f,
          serial_undead_f, serial_undead_a, palyth_stone_intersect

Skill      XL: |  1  2  3  4  5 |
---------------+----------------+-----
Fighting       | 2 |  2.5
Unarmed Combat | 3 4 |  4.1
Spellcasting   | 2 |  2.0
Throwing       | |  0.8
Dodging        | |  1.9
Translocations | |  2.9

Action                   |  1- 3 |  4- 6 || total
-------------------------+-------+-------++-------
Melee: Unarmed           |    49 |    91 ||   140
       Punch             |     2 |     2 ||     4
Invok: Curse Item        |     1 |       ||     1
 Stab: Sleeping          |       |     1 ||     1
Armor: Robe              |    10 |    32 ||    42
Dodge: Dodged            |    18 |    57 ||    75

Table legend: (Time is in decaauts)
 A = Elapsed time spent in this place.
 B = Non-inter-level travel time spent in this place.
 C = Inter-level travel time spent in this place.
 D = Time resting spent in this place.
 E = Time spent auto-exploring this place.
 F = Levels seen in this place.
 G = Mean time per level.
                   A        B        C        D        E       F      G
               +--------+--------+--------+--------+--------+-----+--------+
         Total |   1452 |   1369 |     83 |     24 |   1014 |   3 |  484.0 |
       Dungeon |   1452 |   1369 |     83 |     24 |   1014 |   3 |  484.0 |
               +--------+--------+--------+--------+--------+-----+--------+

Top non-repeatable levels by time:
     D:1: 786 daAuts
     D:2: 606 daAuts
     D:3: 58 daAuts
